 Dungeon Crawl Stone Soup version 0.23-a0-586-gacb4b3f (webtiles) character file.

16 Lanoc the Shooter (level 2, -5/16 HPs)
             Began as a Tengu Arcane Marksman on Dec 18, 2018.
             Slain by a gnoll
             ... wielding a +0 club
              (6 damage)
             ... on level 1 of the Dungeon.
             The game lasted 00:01:22 (332 turns).

Lanoc the Shooter (Tengu Arcane Marksman)            Turns: 332, Time: 00:01:23

Health: -5/16      AC:  2    Str: 10    XL:     2   Next: 58%
Magic:  4/4        EV: 13    Int: 13    God:
Gold:   55         SH:  0    Dex: 14    Spells: 2/3 levels left

rFire    + . .     SeeInvis .   a - +0 shortbow
rCold    + . .     Gourm    .   (shield currently unavailable)
rNeg     . . .     Faith    .   e - +0 robe
rPois    +         Spirit   .   (helmet restricted)
rElec    +         Reflect  .   (no cloak)
rCorr    +         Harm     .   (no gloves)
MR       .....     Rnd*Tele +   (boots unavailable)
Stlth    +.........             (no amulet)
HPRegen  0.05/turn              h - ring of teleportation (curse)
MPRegen  0.09/turn              (no ring)

@: resistant
A: beak, talons 3
a: no special abilities


You were on level 1 of the Dungeon.
You were not hungry.

You visited 1 branch of the dungeon, and saw 1 of its levels.

You collected 55 gold pieces.

Inventory:

Hand Weapons
 a - a +0 shortbow (weapon)
Missiles
 d - 46 arrows (quivered)
Armour
 e - a +0 robe (worn)
Jewellery
 h - a cursed ring of teleportation (left hand)
Scrolls
 b - 2 scrolls of fog {unknown}
 c - a scroll of identify {unknown}
 g - a scroll of immolation {unknown}
 j - a scroll of teleportation {unknown}
Potions
 i - a potion of resistance
Comestibles
 f - 2 rations


   Skills:
 + Level 1.3 Fighting
 * Level 2.7 Bows
 + Level 0.8 Armour
 + Level 2.4 Dodging
 - Level 1.0 Spellcasting
 - Level 2.1 Hexes


You had 2 spell levels left.
You knew the following spells:

 Your Spells              Type           Power        Failure   Level  Hunger
a - Corona                Hex            #......      12%         1    ##.....

Your spell library contained the following spells:

 Spells                   Type           Power        Failure   Level  Hunger
 Slow                     Hex            #.......     17%         2    ###....
 Inner Flame              Hex/Fire       #.......     47%         3    ####...
 Portal Projectile        Hex/Tloc       #.....       47%         3    ####...
 Cause Fear               Hex            #.........   75%         4    #####..
 Leda's Liquefaction      Hex/Erth       #.........   87%         4    #####..


Dungeon Overview and Level Annotations

Branches:
Dungeon (1/15)

Altars:


Innate Abilities, Weirdness & Mutations

You have a beak for a mouth.
You have claws for feet.


Message History

You are too injured to fight recklessly!
Firing (i - inventory)
d - 48 arrows (quivered)
Press: ? - help, Shift-Dir - straight line, f/p - gnoll
Aim: a gnoll, wielding a +0 club (heavily wounded)
You shoot an arrow. The arrow completely misses the gnoll.
The arrow hits the rat!
You kill the rat!
The gnoll misses you.
Firing (i - inventory)
d - 47 arrows (quivered)
Press: ? - help, Shift-Dir - straight line, f/p - gnoll
Aim: a gnoll, wielding a +0 club (heavily wounded)
You shoot an arrow. The arrow closely misses the gnoll.
A goblin comes into view. It is wielding a +0 dagger.
The gnoll hits you with a +0 club!
Ouch! That really hurt!
* * * LOW HITPOINT WARNING * * *
It was a potion of resistance.
You feel protected. The gnoll hits you with a +0 club.
You die...

###########
#.........#
#.#######@#
#.# #g# #(#
#.# #.# #g#
#.# ... #.#
(#.## #.#
.##.# #(#
#. #(. #.#
. ###


You could see a gnoll and a goblin.

Vanquished Creatures
  A goblin (D:1)
  3 hobgoblins (D:1)
  4 jackals (D:1)
  2 bats (D:1)
  2 frilled lizards (D:1)
  4 rats (D:1)
16 creatures vanquished.

Notes
Turn   | Place    | Note
-------+----------+-------------------------------------------
     0 | D:1      | Lanoc the Tengu Arcane Marksman began the quest for the
                  | Orb.
     0 | D:1      | Reached XP level 1. HP: 12/12 MP: 3/3
    76 | D:1      | Reached XP level 2. HP: 16/16 MP: 4/4
   332 | D:1      | Slain by a gnoll

Vault maps used:
D:1:      wheals_arrival_shading

Action                   || total
-------------------------++-------
 Fire: Shortbow          ||    39
  Use: Potion            ||     1
Armor: Robe              ||     3
Dodge: Dodged            ||    10

Table legend:
 A = Non-vault XP
 B = Vault XP
 C = Vault XP percentage of total XP
 D = Non-vault monster count
 E = Vault monster count
 F = Vault count percentage of total count
                 A         B        C        D         E       F
            +---------+---------+-------+---------+---------+-------
      Total |      24 |       0 |   0.0 |      16 |       0 |   0.0
            +---------+---------+-------+---------+---------+-------
        D:1 |      24 |       0 |   0.0 |      16 |       0 |   0.0
            +---------+---------+-------+---------+---------+-------
